 Dungeon Crawl Stone Soup version 0.24.0-13-gcf9b3192b9 (webtiles) character file.

Game seed: 5942286940333185330, levelgen mode: deterministic

31 EriolAelfwine the Charmwright (level 3, 0/27 HPs)
             Began as a Merfolk Skald on Nov 10, 2019.
             Slain by an orc
             ... wielding a +0 falchion
              (4 damage)
             ... on level 2 of the Dungeon.
             The game lasted 00:03:19 (1640 turns).

EriolAelfwine the Charmwright (Merfolk Skald)       Turns: 1640, Time: 00:03:20

Health: 0/27       AC:  3    Str: 12    XL:     3   Next: 22%
Magic:  1/6        EV: 12    Int: 12    God:
Gold:   80         SH:  0    Dex: 13    Spells: 0/6 levels left

rFire    . . .     SeeInvis .   a - +0 spear
rCold    . . .     Gourm    .   (no shield)
rNeg     . . .     Faith    .   b - +0 leather armour
rPois    .         Spirit   .   (no helmet)
rElec    .         Reflect  .   (no cloak)
rCorr    .         Harm     .   (no gloves)
MR       .....                  (no boots)
Stlth    +.........             (no amulet)
HPRegen  0.09/turn              (no ring)
MPRegen  0.10/turn              (no ring)

@: no status effects
A: change form in water, swift swim, stealthy swim
a: no special abilities


You were on level 2 of the Dungeon.
You were hungry.

You visited 1 branch of the dungeon, and saw 2 of its levels.

You collected 80 gold pieces.

Inventory:

Hand Weapons
 a - a +0 spear (weapon)
Armour
 b - a +0 leather armour (worn)
 i - a +0 ring mail
Scrolls
 f - a scroll of fear {unknown}
 h - a scroll of random uselessness {unknown}
 j - a scroll of remove curse {unknown}
 l - a scroll of teleportation {unknown}
Potions
 c - a potion of lignification {unknown}
 e - a potion of heal wounds {unknown}
 g - 3 potions of flight {unknown}
 m - a potion of brilliance {unknown}
Comestibles
 d - 3 rations


   Skills:
 - Level 2.1 Fighting
 - Level 3.0 Polearms
 - Level 0.6 Armour
 - Level 2.6 Dodging
 + Level 2.4 Spellcasting
 + Level 0.1 Hexes
 * Level 4.1 Charms
 + Level 0.5 Translocations


You couldn't memorise any spells.
You knew the following spells:

 Your Spells              Type           Power        Failure   Level  Hunger
a - Infusion              Chrm           ##..         6%          1    ##.....
b - Shroud of Golubria    Chrm/Tloc      #.....       19%         2    ###....
c - Spectral Weapon       Hex/Chrm       #.......     38%         3    ####...

Your spell library contained the following spells:

 Spells                   Type           Power        Failure   Level  Hunger
 Song of Slaying          Chrm           ##......     9%          2    ###....
 Regeneration             Chrm/Necr      #.........   38%         3    ####...


Dungeon Overview and Level Annotations

Branches:
Dungeon (2/15)

Altars:


Message History

The orc barely misses you.
You are feeling hungry.
You hit the orc but do no damage.
The orc is moderately wounded.
The orc hits you with a +0 falchion.
* * * LOW HITPOINT WARNING * * *
You hit the orc but do no damage.
The orc is moderately wounded.
The orc hits you with a +0 falchion.
* * * LOW HITPOINT WARNING * * *
You hit the orc but do no damage.
The orc is moderately wounded.
The orc barely misses you.
You closely miss the orc.
The orc is moderately wounded.
The orc barely misses you.
You closely miss the orc.
The orc is moderately wounded.
The orc hits you with a +0 falchion.
You die...

###.#............##. #
................... .+
###.####.......#..# ..#
#.# #.#.###.#..#...##
#.# #.# ..#.#........
..# #.# .#.#.### ### #.#
# #.#...## ###### #.#
#.#.#o#..# .....# #[#
#.#.#@##..# .....# #.#
#.....# .o.g(
.....###.#####...#
#.8..8.
.............#...#
[$..#.
.....###.###.#...# ##..#
.................#. (##
..#####.####.....#.# .
..# #.......##.##.## #
..#
#.########.###.######..#


You could see an orc.

Vanquished Creatures
  A dart slug (D:1)
  A leopard gecko (D:2)
  An orc (D:2)
  3 bats
  A giant cockroach (D:1)
  5 goblins
  7 hobgoblins
  A ball python (D:2)
  3 kobolds (D:1)
  A rat (D:1)
24 creatures vanquished.

Notes
Turn   | Place    | Note
-------+----------+-------------------------------------------
     0 | D:1      | EriolAelfwine the Merfolk Skald began the quest for the
                  | Orb.
     0 | D:1      | Reached XP level 1. HP: 16/16 MP: 3/3
   310 | D:1      | Reached XP level 2. HP: 22/22 MP: 5/5
   314 | D:1      | Learned a level 2 spell: Shroud of Golubria
   977 | D:1      | Reached skill level 4 in Charms
  1434 | D:2      | Reached XP level 3. HP: 25/27 MP: 6/6
  1439 | D:2      | Learned a level 3 spell: Spectral Weapon
  1640 | D:2      | Slain by an orc

Levels and vault maps discovered:
D:1:      shiori_arrival_oz, layout_basic
D:2:      layout_basic, serial_curves, eino_curves_04, eino_curves_04,
          guppyfry_early_orc_mine, uniq_robin, uniq_sigmund

Skill      XL: |  1  2 |
---------------+-------+-----
Charms         | 4 |  4.1
Fighting       | |  2.1
Polearms       | |  3.0
Armour         | |  0.6
Dodging        | |  2.6
Spellcasting   | |  2.4
Hexes          | |  0.1
Translocations | |  0.5

Action                   || total
-------------------------++-------
Melee: Spear             ||   112
 Cast: Infusion          ||     5
       Shroud of Golubri ||     1
 Stab: Sleeping          ||     2
  Eat: Chunk             ||     2
Armor: Leather armour    ||    16
Dodge: Dodged            ||    47
